 Dungeon Crawl Stone Soup version 0.31.0-11-ge490571c62 (webtiles) character file.

Game seed: 782689415311740714

38 Silvore the Trooper (level 3, -2/29 HPs)
             Began as a Demonspawn Fighter on Feb 8, 2024.
             Slain by Terence
             ... wielding a +0 flail
              (5 damage)
             ... on level 1 of the Dungeon.
             The game lasted 00:01:07 (676 turns).

Silvore the Trooper (Demonspawn Fighter)             Turns: 676, Time: 00:01:07

Health: -2/29      AC:  6    Str: 18    XL:     3   Next: 25%
Magic:  3/3        EV:  9    Int:  8    God:
Gold:   50         SH:  4    Dex: 12    Spells: 2/2 levels left

rFire   . . .        a - +0 long sword
rCold   . . .        c - +0 buckler
rNeg    . . .        b - +0 scale mail
rPois   .            (no helmet)
rElec   .            (no cloak)
rCorr   .            (no gloves)
SInv    .            (no boots)
Will    .....        (no amulet) Stlth
                     (no ring)
HPRegen 0.24/turn    (no ring)
MPRegen 0.08/turn

%: no passive effects
@: no status effects
A: sturdy frame 1
a: no special abilities


You were on level 1 of the Dungeon.
You visited 1 branch of the dungeon, and saw 2 of its levels.

You collected 50 gold pieces.

Inventory:

Hand Weapons
 a - a +0 long sword (weapon)
Armour
 b - a +0 scale mail (worn)
 c - a +0 buckler (worn)
Potions
 d - a potion of might


   Skills:
 + Level 3.2 Fighting
 + Level 2.2 Long Blades
 + Level 3.0 Armour
 + Level 0.1 Dodging
 + Level 3.1 Shields


You had 2 spell levels left.
You didn't know any spells.
Your spell library was empty.

Dungeon Overview and Level Annotations

Branches:
Dungeon (2/15)

Altars:

Annotations:
D:1 Terence
D:2 Sigmund


Innate Abilities, Weirdness & Mutations

Your movements are slightly less encumbered by armour. (ER -2)


Message History

Sigmund laughs darkly.
Sigmund hits you from afar with a +0 scythe.
The goblin attacks as it pursues you! The goblin hits you with a +0 dagger.
Terence closely misses you.
There is a stone staircase leading up here.
Unknown command.
Sigmund laughs darkly.
Terence barely misses you. The goblin hits you with a +0 dagger.
You climb upwards.
There is a stone staircase leading down here.
You slash the goblin!
You kill the goblin!
You block Terence's attack. Terence hits you with a +0 flail.
You hit Terence.
Terence is lightly wounded.
Terence hits you with a +0 flail!
* * * LOW HITPOINT WARNING * * *
You hit Terence but do no damage.
Terence is lightly wounded.
Terence hits you but does no damage.
You hit Terence but do no damage.
Terence is lightly wounded.
Terence hits you but does no damage. Terence barely misses you.
You barely miss Terence.
Terence is lightly wounded.
You block Terence's attack.
You barely miss Terence.
Terence is lightly wounded.
Terence closely misses you.
You closely miss Terence.
Terence is lightly wounded.
Terence barely misses you. Terence hits you but does no damage.
You barely miss Terence. Terence hits you but does no damage.
You closely miss Terence. Terence barely misses you.
You closely miss Terence. Terence hits you with a +0 flail!
* * * LOW HITPOINT WARNING * * *
Terence closely misses you.
You completely miss Terence. Terence hits you with a +0 flail.
You die...
Terence says, "That felt goooood."

........# #.# #..# #)# ##.######
#.# ##.# #)# ...# #.# #.####.#
##.# ##.# #..##... .#.### ###..#
##.##... .#...#### #...## #.##...
.###....## #.### #.#.... .#
####..#####.############.#....
.####...........@................
......###......)@##########......
.###### #........)..# ##.....# ##
#........##.## #.......
#........##..#####.......
#........###............)
#........# ######.......#
#........# ##....... ##########
#.......


You could see Terence.

Vanquished Creatures
  3 bats (D:1)
  4 endoplasms (D:1)
  2 giant cockroaches (D:1)
  6 goblins (D:1)
  3 hobgoblins (D:1)
  3 jackals (D:1)
  5 kobolds (D:1)
  A quokka (D:1)
  2 ball pythons (D:1)
  2 frilled lizards (D:1)
  A rat (D:1)
32 creatures vanquished.

Notes
Turn   | Place    | Note
-------+----------+-------------------------------------------
     0 | D:1      | Silvore the Demonspawn Fighter began the quest for the Orb.
     0 | D:1      | Reached XP level 1. HP: 18/18 MP: 1/1
   150 | D:1      | Gained mutation: Your movements are slightly less
                  | encumbered by armour. (ER -2) [demonic ancestry]
   150 | D:1      | Reached XP level 2. HP: 17/24 MP: 2/2
   496 | D:1      | Reached XP level 3. HP: 28/29 MP: 3/3
   657 | D:2      | Noticed Terence
   658 | D:2      | Noticed Sigmund
   676 | D:1      | Slain by Terence

Illustrated notes

Levels and vault maps discovered:
D:1:      minmay_arrival_five_plusses, layout_rooms
D:2:      layout_basic, chequers_ecumenical_altar_simple_redux,
          kennysheep_flooded_box, uniq_sigmund, uniq_terence, uniq_natasha

Skill      XL: |  1  2 |
---------------+-------+-----
Shields        | 3 |  3.1
Long Blades    | 2 |  2.2
Armour         | 3 |  3.0
Fighting       | |  3.2
Dodging        | |  0.1

Action                     || total
---------------------------++-------
  Melee: Long sword        ||   140
 Armour: Scale mail        ||   119
  Dodge: Dodged            ||    64
  Block: Buckler           ||    42
